 Dungeon Crawl Stone Soup version 0.29-a0-817-g9904bce7a6 (webtiles) character file.

Game seed: 10428595429950654680

381 RevDB the Shooter (level 6, -4/34 HPs)
             Began as a Deep Elf Arcane Marksman on July 5, 2022.
             Was a Follower of Sif Muna.
             Killed by divine providence
             ... invoked by an orc priest
              (12 damage)
             ... on level 4 of the Dungeon.
             The game lasted 00:43:41 (3831 turns).

RevDB the Shooter (Deep Elf Arcane Marksman)        Turns: 3831, Time: 00:43:42

Health: -4/34      AC:  5    Str:  7    XL:     6   Next: 46%
Magic:  10/15      EV: 15    Int: 18    God:    Sif Muna [*.....]
Gold:   215        SH:  0    Dex: 23    Spells: 4/15 levels left

rFire   . . .      SeeInvis .   a - +0 sling
rCold   . . .      Faith    .   (no shield)
rNeg    . . .      Spirit   .   c - +0 robe
rPois   .          Reflect  .   (no helmet)
rElec   .          Harm     .   (no cloak)
rCorr   .          Rampage  .   (no gloves)
Will    .....                   r - +2 pair of boots
Stlth   ++........              p - amulet of the acrobat
HPRegen 0.11/turn               s - +6 ring of dexterity
MPRegen 0.14/turn               (no ring)

@: no status effects
A: no striking features
a: Renounce Religion, Channel Magic


You were on level 4 of the Dungeon.
You worshipped Sif Muna.
Sif Muna was aware of your devotion.
You visited 1 branch of the dungeon, and saw 5 of its levels.

You collected 215 gold pieces.

Inventory:

Hand Weapons
 a - a +0 sling (weapon)
 b - a +0 short sword
 y - a +3 whip
Armour
 c - a +0 robe (worn)
 r - a +2 pair of boots (worn)
Jewellery
 p - an amulet of the acrobat (around neck)
 s - a +6 ring of dexterity (left hand)
Scrolls
 d - 4 scrolls of vulnerability
 f - a scroll of enchant armour
 g - 3 scrolls of teleportation
 i - 2 scrolls of blinking
 l - 2 scrolls of fog {unknown}
 n - a scroll of noise {unknown}
 o - 2 scrolls of immolation
 u - a scroll of magic mapping {unknown}
 w - a scroll of amnesia {unknown}
 x - a scroll of enchant weapon {unknown}
Potions
 e - a potion of cancellation {unknown}
 h - a potion of flight {unknown}
 k - a potion of resistance {unknown}
 m - a potion of attraction {unknown}
 q - 2 potions of brilliance {unknown}
 t - 2 potions of ambrosia {unknown}
 v - 2 potions of curing {unknown}
 z - 3 potions of heal wounds {unknown}


   Skills:
 - Level 1.0 Fighting
 - Level 6.0 Ranged Weapons
 - Level 4.0 Dodging
 - Level 5.2 Spellcasting
 + Level 4.6 Hexes
 - Level 1.0 Fire Magic
 + Level 0.2 Invocations


You had 4 spell levels left.
You knew the following spells:

 Your Spells              Type           Power      Damage    Failure   Level
a - Slow                  Hex            84%        N/A       1%          1
b - Inner Flame           Hex/Fire       14%        N/A       12%         3
c - Portal Projectile     Hex/Tloc       26%        N/A       16%         3
d - Cause Fear            Hex            10%        N/A       19%         4

Your spell library contained the following spells:

 Spells                   Type           Power      Damage    Failure   Level
 Apportation              Tloc           8%         N/A       13%         1
 Petrify                  Tmut/Erth      4%         N/A       78%         4
 Metabolic Englaciation   Hex/Ice        6%         N/A       80%         5
 Alistair's Intoxication  Tmut/Pois      2%         N/A       98%         5
 Statue Form              Tmut/Erth      2%         N/A       100%        6


Dungeon Overview and Level Annotations

Branches:
Dungeon (5/15)
 Temple: D:4-7

Altars:
Ashenzari
Kikubaaqudgha
Sif Muna
Uskayaw


Message History

Press: ? - help, Dir - move target, f/p - orc wizard
Aim: an orc wizard, wielding a +0 dagger and wearing a +0 robe (slow, chance to affect: 67%)
The orc wizard is filled with an inner flame.
The orc priest calls down the wrath of Beogh upon you.
Beogh smites you!
* * * LOW HITPOINT WARNING * * *
The orc priest casts a cantrip, but nothing happens.
Fire: a) +0 sling
Press: ? - help, Q - select action, (/) - cycle Shift-Dir - straight line, f/p - orc wizard
Aim: an orc wizard, wielding a +0 dagger and wearing a +0 robe (inner flame, slow, 58% to hit)
You shoot a sling bullet.
The sling bullet hits the orc wizard but does no damage.
Fire: a) +0 sling
Press: ? - help, Q - select action, (/) - cycle Shift-Dir - straight line, f/p - orc wizard
Aim: an orc wizard, wielding a +0 dagger and wearing a +0 robe (inner flame, slow, 58% to hit)
You shoot a sling bullet.
The sling bullet hits the orc wizard but does no damage.
Fire: a) +0 sling
Press: ? - help, Q - select action, (/) - cycle Shift-Dir - straight line, f/p - orc wizard
Aim: an orc wizard, wielding a +0 dagger and wearing a +0 robe (inner flame, slow, 58% to hit)
You shoot a sling bullet.
The sling bullet hits the orc wizard but does no damage.
The orc priest casts a cantrip, but nothing happens.
Things that are here:
a +0 whip; 4 poisoned darts; a kobold corpse Fire: a) +0 sling
Press: ? - help, Q - select action, (/) - cycle Shift-Dir - straight line, f/p - orc wizard
Aim: an orc wizard, wielding a +0 dagger and wearing a +0 robe (inner flame, slow, 58% to hit)
You shoot a sling bullet. The sling bullet hits the orc wizard!
Flame seeps out of the orc wizard.
The orc wizard is heavily wounded.
Fire: a) +0 sling
Press: ? - help, Q - select action, (/) - cycle Shift-Dir - straight line, f/p - orc wizard
Aim: an orc wizard, wielding a +0 dagger and wearing a +0 robe (flame, heavily wounded, inner flame, slow, 58% to hit)
You shoot a sling bullet. The sling bullet hits the orc wizard.
Flame seeps out of the orc wizard.
The orc wizard is severely wounded.
The orc priest mumbles some strange prayers to Beogh against you.
Beogh smites you!
You die...

#.# #.# #.# #.# .o
#.# .# #.# ). #.#
.o #.# #.
#@###############.
#....o.o.........o
#################|
#. #. #. #. #. #.


You could see an orc priest and an orc wizard (inner flame, slow).

Vanquished Creatures
  A scorpion (D:4)
  A vampire bat (D:4)
  An iguana (D:3)
  2 orc wizards (D:4)
  A gnoll (D:4)
  3 adders
  A worm (D:4)
  A dart slug (D:4)
  3 fire bats (D:4)
  14 orcs
  2 spectral bats (D:4)
  3 bat skeletons (D:4)
  A bat zombie (D:4)
  2 endoplasms
  A giant cockroach (D:3)
  5 goblins
  3 hobgoblins
  9 kobolds
  3 ball pythons (D:1)
  13 bats
  A bat simulacrum (D:4)
  4 frilled lizards
  14 rats
  A spectral kobold (D:3)
90 creatures vanquished.

Vanquished Creatures (others)
  A human (D:4)
  4 toadstools (D:1)
5 creatures vanquished.

Grand Total: 95 creatures vanquished

Notes
Turn   | Place    | Note
-------+----------+-------------------------------------------
     0 | D:1      | RevDB the Deep Elf Arcane Marksman began the quest for the
                  | Orb.
     0 | D:1      | Reached XP level 1. HP: 11/11 MP: 5/5
   252 | D:1      | Reached skill level 1 in Fighting
   318 | D:1      | Reached skill level 3 in Ranged Weapons
   318 | D:1      | Reached XP level 2. HP: 16/16 MP: 5/7
   788 | D:2      | Reached XP level 3. HP: 19/20 MP: 9/9
  1625 | D:3      | Found a faded altar of an unknown god.
  1644 | D:3      | Found a hide-covered altar of Uskayaw.
  1689 | D:3      | Noticed a +0 hand axe
  1690 | D:3      | Noticed a +0 dagger
  2062 | D:3      | Found a broken altar of Ashenzari.
  2087 | D:3      | Reached skill level 1 in Fire Magic
  2087 | D:3      | Reached XP level 4. HP: 25/25 MP: 7/10
  2095 | D:3      | Found a shimmering blue altar of Sif Muna.
  2103 | D:3      | Became a worshipper of Sif Muna the Loreminder
  2464 | D:3      | Reached skill level 4 in Ranged Weapons
  2559 | D:5      | Entered Level 5 of the Dungeon
  2593 | D:4      | Reached skill level 5 in Ranged Weapons
  2593 | D:4      | Reached XP level 5. HP: 28/29 MP: 11/11
  2685 | D:4      | Reached skill level 5 in Spellcasting
  2685 | D:4      | Reached XP level 6. HP: 28/34 MP: 13/15
  2689 | D:4      | Learned a level 3 spell: Inner Flame
  2693 | D:4      | Learned a level 3 spell: Portal Projectile
  2698 | D:4      | Learned a level 4 spell: Cause Fear
  3048 | D:4      | Reached * piety under Sif Muna
  3171 | D:4      | Found an ancient bone altar of Kikubaaqudgha.
  3207 | D:4      | Reached skill level 6 in Ranged Weapons
  3500 | D:4      | Noticed a human
  3502 | D:4      | Killed a human
  3831 | D:4      | Killed from afar by an orc priest

Illustrated notes

Levels and vault maps discovered:
D:1:      ldierk_walled_garden_2, layout_rooms, corexii_hall_statues_x
D:2:      layout_basic, minmay_rat_gold_closets
D:3:      layout_loops_ring, dancing_weapons_uskayaw,
          mainiacjoe_overflow_catch_the_wave,
          dreamdust_ecumenical_altar_drowned_temple
D:4:      layout_loops_ring, tgw_kikubaaqudgha, minmay_temple_entry_tees,
          goddamned_bats
D:5:      layout_cave_pools

Skill      XL: |  1  2  3  4  5  6 |
---------------+-------------------+-----
Fighting       | 1 |  1.0
Ranged Weapons | 3 5 6 |  6.0
Spellcasting   | 2 3 5 |  5.2
Dodging        | 3 4 |  4.0
Fire Magic     | 1 |  1.0
Hexes          | |  4.6
Invocations    | |  0.2

Action                   |  1- 3 |  4- 6 || total
-------------------------+-------+-------++-------
 Fire: Sling             |   156 |   170 ||   326
 Cast: Slow              |    30 |    28 ||    58
       Inner Flame       |       |    10 ||    10
       Portal Projectile |       |     2 ||     2
  Use: Scroll            |       |     4 ||     4
Armor: Robe              |    21 |    46 ||    67
Dodge: Dodged            |    59 |   187 ||   246

Table legend: (Time is in decaauts)
 A = Elapsed time spent in this place.
 B = Non-inter-level travel time spent in this place.
 C = Inter-level travel time spent in this place.
 D = Time resting spent in this place.
 E = Time spent auto-exploring this place.
 F = Levels seen in this place.
 G = Mean time per level.
                   A        B        C        D        E       F      G
               +--------+--------+--------+--------+--------+-----+--------+
         Total |   3921 |   3860 |     61 |    421 |    748 |   5 |  784.2 |
       Dungeon |   3921 |   3860 |     61 |    421 |    748 |   5 |  784.2 |
               +--------+--------+--------+--------+--------+-----+--------+

Top non-repeatable levels by time:
     D:4: 1373 daAuts
     D:3: 1030 daAuts
     D:2: 953 daAuts
     D:1: 556 daAuts
     D:5: 7 daAuts
